 Dungeon Crawl Stone Soup version 0.31-a0-940-gdaa99269f9 (webtiles) character file.

Game seed: 9327743710441290772

66110 Arex the Metamorph (level 14, 0/129 HPs)
             Began as a Grey Draconian Shapeshifter on Oct 20, 2023.
             Was an Initiate of Gozag.
             Slain by Donald
             ... wielding a +1 broad axe of flaming
              (6 damage)
             ... on level 1 of the Snake Pit.
             The game lasted 00:58:42 (27708 turns).

Arex the Metamorph (Grey Draconian Shapeshifter)   Turns: 27708, Time: 00:58:43

Health: 0/129      AC: 26    Str: 17    XL:     14   Next: 78%
Magic:  14/14      EV: 15    Int: 13    God:    Gozag
Gold:   758        SH: 15    Dex: 15    Spells: 13/13 levels left

rFire   . .          .
                       - Unarmed
rCold   . . .        x - +0 tower shield
rNeg    . . .        (body armour unavailable)
rPois   +            W - +2 hat
rElec   .            C - +2 cloak
rCorr   .            p - +2 pair of gloves
SInv    .            w - +0 pair of boots {Fly}
Will    +....        (no amulet)
Stlth   +            R - ring of Fostrud {Wiz rPois Int+2}
HPRegen 0.41/turn    K - +4 ring of protection
MPRegen 0.14/turn

%: wizardry (x1)
@: maw-form, flying, studying 2 skills
A: devouring maw, AC +13, amphibious, unfitting armour, cold-blooded, subdued
magic 1
a: Begin Untransformation, Renounce Religion, Potion Petition, Call Merchant,
Bribe Branch


You were on level 1 of the Snake Pit.
You worshipped Gozag.
Gozag was pleased with you.
You were a creature with a mouth for a stomach.
You visited 6 branches of the dungeon, and saw 21 of its levels.
You also visited: Ossuary.

You collected 6264 gold pieces.
You spent 3012 gold pieces at shops.
You paid 2494 gold pieces to Gozag.

Inventory:

Missiles
 l - a throwing net
Armour
 p - a +2 pair of gloves (worn)
 w - a +0 pair of boots of flying (worn)
 x - a +0 tower shield (worn)
 C - a +2 cloak (worn)
 T - a +2 pair of boots
 W - a +2 hat (worn)
Jewellery
 c - a ring of willpower
 r - a ring of ice
 H - a ring of protection from fire
 K - a +4 ring of protection (right hand)
 N - a +6 ring of dexterity
 O - a ring of resist corrosion
 R - the ring of Fostrud (left hand) {Wiz rPois Int+2}
   (You found it on level 11 of the Dungeon)

   [ring of wizardry]

   Wiz:       It improves your spell success rate.
   Int+2:     It affects your intelligence (+2).
   rPois:     It protects you from poison
Talismans
 i - a talisman of death
 B - a maw talisman (active)
 J - a dragon-blood talisman
Wands
 t - a wand of flame (39) (quivered)
 z - a wand of digging (6)
 I - a wand of polymorph (8)
 M - a wand of light (16)
 S - a wand of mindburst (15)
 V - a wand of roots (2)
Scrolls
 e - 3 scrolls of vulnerability
 f - a scroll of fog
 j - a scroll of poison
 k - 5 scrolls of noise
 o - 2 scrolls of revelation
 s - 2 scrolls of teleportation
 u - 2 scrolls of amnesia
 y - a scroll of fear
 A - a scroll of blinking
 L - a scroll of torment
 Q - a scroll of silence
Potions
 a - 8 potions of lignification
 d - 12 potions of curing
 h - 5 potions of brilliance
 m - 2 potions of might
 n - a potion of attraction
 q - 3 potions of heal wounds
 v - a potion of enlightenment {unknown}
 D - 2 potions of mutation {unknown}
 F - 2 potions of invisibility {unknown}
 G - 2 potions of magic {unknown}
 P - 3 potions of haste {unknown}
 U - a potion of ambrosia


   Skills:
 + Level 13.1 Fighting
 + Level 11.5 Dodging
 + Level 7.3 Shields
 + Level 12.3 Unarmed Combat
 * Level 15.7 Shapeshifting


You had 13 spell levels left.
You didn't know any spells.
Your spell library contained the following spells:

 Spells                   Type           Power      Damage    Failure   Level
 Apportation              Tloc           0%         N/A       58%         1
 Blink                    Tloc           0%         N/A       71%         2
 Ensorcelled Hibernation  Hex/Ice        0%         N/A       71%         2
 Jinxbite                 Hex            0%         N/A       71%         2
 Passwall                 Tmut/Erth      0%         N/A       71%         2
 Poisonous Vapours        Pois/Air       0%         N/A       71%         2
 Searing Ray              Conj           0%         2d4       71%         2
 Sublimation of Blood     Necr           0%         N/A       71%         2
 Wereblood                Tmut           0%         N/A       71%         2
 Mephitic Cloud           Conj/Pois/Air  0%         N/A       89%         3
 Swiftness                Air            0%         N/A       89%         3
 Alistair's Intoxication  Tmut/Pois      0%         N/A       100%        5
 Borgnjor's Vile Clutch   Necr/Erth      0%         N/A       100%        5
 Freezing Cloud           Conj/Ice/Air   0%         6-21      100%        5
 Eringya's Noxious Bog    Tmut/Pois      0%         4d6       100%        6
 Summon Hydra             Summ           0%         N/A       100%        7


Dungeon Overview and Level Annotations

Branches:
Dungeon (12/15)            Temple (1/1) D:5            Lair (4/5) D:11
 Shoals (1/4) Lair:2        Snake (1/4) Lair:2        Slime (0/5) Lair:4
    Orc (2/2) D:10            Elf (0/3) Orc:2       Ossuary (visited)

Altars:
Ashenzari
Cheibriados
Dithmenos
Elyvilon
Fedhas
Gozag
Hepliaklqana
Kikubaaqudgha
Makhleb
Nemelex Xobeh
Okawaru
Qazlal
Ru
Sif Muna
Trog
Uskayaw
Vehumet
Wu Jian
Xom
Yredelemnul
Zin
The Shining One

Shops:
D:11 =*   Orc:1 :   Orc:2 [:[=

Annotations:
D:12 Rupert
Snake:1 Donald
Orc:1 Nergalle
Orc:2 exclusion: upstairs


Innate Abilities, Weirdness & Mutations

You are a creature with a mouth for a stomach.
Your midsection houses a second, enormous mouth.
Your dull iron-grey scales are very hard. (AC +13)
You are amphibious.
You cannot fit into any form of body armour.
You are cold-blooded and may be slowed by cold attacks.
Your spells are a little easier to cast, but a little less powerful.


Message History

You catch the helpless Donald completely off-guard!
You pummel Donald!! You tail-slap Donald, but do no damage. You bite Donald.
Donald is heavily wounded.
Donald hits you with a +1 broad axe of flaming!
Donald burns you.
You hit Donald but do no damage. You bite Donald.
Donald is heavily wounded.
Donald is no longer blind.
Donald hits you with a +1 broad axe of flaming!!
Donald burns you. Donald blocks your attack.
You tail-slap Donald.
Donald is heavily wounded.
You block Donald's attack.
You hit Donald.
Donald is heavily wounded.
Donald says, "Couldn't find enough potions?"
Donald hits you with a +1 broad axe of flaming!!
* * * LOW HITPOINT WARNING * * *
Donald burns you!
* * * LOW HITPOINT WARNING * * *
Unknown command.
You feel much better.
Donald casts a spell.
Donald seems to speed up.
You pummel Donald!! Your bite misses Donald.
Donald is severely wounded.
You block Donald's attack.
Donald says, "I'm sick of this place.
Or maybe that's poison..."
Donald hits you but does no damage.
You pummel Donald!! Donald blocks your attack.
Donald is almost dead.
You block Donald's attack.
You barely miss Donald. Donald blocks your attack.
Donald is almost dead.
Donald hits you with a +1 broad axe of flaming!!!
* * * LOW HITPOINT WARNING * * *
Donald burns you.
You die...
Donald says, "I won.
I... don't hate that."
Your body crumbles into a pile of gold.

###.........###############......
#........## #.......
###.......################.......
.................................
.................................
##################...............
##...............
########......<.........
......@W................
........................
......................#.
....######...........##. ...
#..........## . .. #..........# .
##..#.....## ###..


You could see Donald (fast, strong).

Vanquished Creatures
  2 orc warlords
  Josephine (D:10)
  A hydra (Lair:4)
  Erolcha (D:9)
  An ice dragon (Lair:4)
  An anaconda (Snake:1)
  Fannar (D:11)
  A centaur warrior (D:11)
  A boulder beetle (D:12)
  A merfolk aquamancer (Shoals:1)
  Erica (D:8)
  8 death yaks
  6 two-headed ogres
  4 orc high priests (Orc:2)
  A skyshark (Lair:3)
  A fire crab (shapeshifter) (D:11)
  A sea snake (Shoals:1)
  A lindwurm (Lair:4)
  Pikel (D:5)
  3 harpies (Shoals:1)
  5 orc knights (Orc:2)
  A naga ritualist (Snake:1)
  5 orc sorcerers
  2 manticores
  4 cyclopes
  A merfolk siren (Shoals:1)
  2 water nymphs
  7 black mambas
  A torpor snail (Lair:1)
  Psyche (D:8)
  A naga mage (Snake:1)
  4 rime drakes
  A kobold demonologist (D:12)
  10 cane toads
  12 komodo dragons
  4 trolls (Orc:2)
  2 polar bears
  2 wind drakes (Shoals:1)
  Grinder (D:3)
  A hornet (D:11)
  A snapping turtle (Shoals:1)
  A merfolk (Shoals:1)
  11 blink frogs
  9 wraiths
  2 water elementals (Lair:2)
  2 wyverns
  29 yaks
  A basilisk (Lair:2)
  A steam dragon (D:7)
  10 wargs
  2 nagas (Lair:2)
  Duvessa (D:7)
  11 water moccasins
  49 orc warriors
  21 ogres
  6 black bears
  7 centaurs
  8 wolves
  18 bullfrogs
  3 lemures (D:5)
  3 kobold brigands
  3 gnoll sergeants
  2 scorpions
  6 water moccasin zombies (Ossuary)
  8 wights
  3 killer bees
  Dowan (D:7)
  A howler monkey (D:6)
  3 jellies (Lair:4)
  29 orc priests
  Crazy Yiuf (D:5)
  2 sleepcaps
  Terence (D:2)
  4 iguanas
  30 orc wizards
  A hound zombie (D:4)
  2 hound skeletons (D:4)
  2 mummies (Ossuary)
  Robin (D:4)
  10 gnolls
  9 adders
  A shadow imp (D:7)
  3 white imps (Lair:4)
  2 ufetubi (D:6)
  7 adder zombies
  2 adder skeletons (D:4)
  4 worms
  4 dart slugs
  142 orcs
  7 ball pythons
  4 bats
  9 endoplasms
  A giant cockroach (D:1)
  9 goblins
  4 hobgoblins
  A quokka (D:4)
  4 frilled lizards
  4 gnoll zombies (Ossuary)
  3 hobgoblin zombies (Ossuary)
  17 kobolds
  5 kobold zombies (Ossuary)
  4 orc zombies (Ossuary)
  5 rats
662 creatures vanquished.

Vanquished Creatures (collateral kills)
  A wight (D:8)
  2 orcs (D:9)
3 creatures vanquished.

Vanquished Creatures (others)
  A centaur (D:8)
  A bullfrog (D:8)
  A wight (D:8)
  A jelly (D:8)
  An orc (D:7)
5 creatures vanquished.

Grand Total: 670 creatures vanquished

Notes
Turn   | Place    | Note
-------+----------+-------------------------------------------
     0 | D:1      | Arex the Draconian Shapeshifter began the quest for the
                  | Orb.
     0 | D:1      | Reached XP level 1. HP: 16/16 MP: 1/1
   206 | D:1      | Reached XP level 2. HP: 23/23 MP: 2/2
   873 | D:2      | Reached XP level 3. HP: 24/29 MP: 3/3
  1140 | D:2      | Noticed Terence
  1148 | D:2      | Killed Terence
  1166 | D:2      | Found an ancient bone altar of Kikubaaqudgha.
  1651 | D:3      | Reached XP level 4. HP: 32/36 MP: 4/4
  1806 | D:3      | Noticed Grinder
  1839 | D:3      | Paralysed by Grinder for 4 turns
  1845 | D:3      | Killed Grinder
  1846 | D:3      | Reached skill level 4 in Shapeshifting
  1846 | D:3      | Reached XP level 5. HP: 29/45 MP: 5/5
  1846 | D:3      | Reached XP level 6. HP: 33/51 MP: 6/6
  1976 | D:3      | You fall into a shaft and drop 3 floors!
  1985 | D:5      | Entered Level 5 of the Dungeon
  2099 | D:5      | Found a staircase to the Ecumenical Temple.
  2105 | Temple   | Entered the Ecumenical Temple
  2123 | Temple   | Became a worshipper of Gozag Ym Sagoz the Greedy
  2182 | D:5      | Found a snail-covered altar of Cheibriados.
  2183 | D:5      | Noticed Pikel
  2190 | D:5      | Killed Pikel
  2191 | D:5      | Reached skill level 5 in Unarmed Combat
  2191 | D:5      | Your scales start taking on a dull iron-grey colour.
  2191 | D:5      | Reached XP level 7. HP: 47/60 MP: 7/7
  2249 | D:5      | Reached skill level 5 in Shapeshifting
  2789 | D:4      | Noticed Robin
  2803 | D:4      | Killed Robin
  2998 | D:4      | Found a sand-covered staircase.
  3018 | Ossuary  | Entered an ossuary
  3048 | Ossuary  | Reached skill level 5 in Fighting
  3048 | Ossuary  | Reached XP level 8. HP: 66/68 MP: 8/8
  3483 | D:4      | Reached skill level 5 in Dodging
  3852 | D:5      | Identified the +7 quarterstaff of the Protecting Gods
                  | {heavy, Int+5 Stlth-}
  3920 | D:5      | Found a runed translucent door.
  3921 | D:5      | Noticed Crazy Yiuf
  4799 | D:5      | Killed Crazy Yiuf
  4916 | D:6      | Reached skill level 6 in Shapeshifting
  5496 | D:7      | Reached skill level 1 in Shields
  5536 | D:7      | Reached XP level 9. HP: 61/75 MP: 9/9
  6044 | D:7      | Noticed Duvessa
  6047 | D:7      | Noticed Dowan
  6062 | D:7      | Killed Duvessa
  6063 | D:7      | Reached skill level 7 in Shapeshifting
  6081 | D:7      | Killed Dowan
  6343 | D:7      | Found a basalt altar of Yredelemnul.
  6346 | D:7      | Found a glowing golden altar of the Shining One.
  6349 | D:7      | Found a sparkling altar of Nemelex Xobeh.
  6449 | D:8      | Identified the of Detix
  6514 | D:8      | Found a hide-covered altar of Uskayaw.
  6547 | D:8      | Found a shimmering blue altar of Sif Muna.
  6663 | D:8      | Found a bloodstained altar of Trog.
  6671 | D:8      | Noticed Psyche
  6688 | D:8      | Killed Psyche
  6691 | D:8      | Noticed Erica
  6728 | D:8      | Killed Erica
  6729 | D:8      | Reached skill level 8 in Shapeshifting
  6729 | D:8      | Reached XP level 10. HP: 55/84 MP: 10/10
  6821 | D:8      | Found a sacrificial altar of Ru.
  7171 | D:9      | Noticed a red ugly thing
  7836 | D:9      | Reached skill level 9 in Shapeshifting
  8445 | D:9      | Found an iron altar of Okawaru.
  8446 | D:9      | Found a radiant altar of Vehumet.
  9292 | D:10     | Entered Level 10 of the Dungeon
  9292 | D:10     | Noticed Josephine
  9350 | D:10     | Noticed a two-headed ogre
  9359 | D:10     | Killed a two-headed ogre
  9369 | D:10     | Killed Josephine
  9370 | D:10     | Reached XP level 11. HP: 45/94 MP: 11/11
  9519 | D:10     | Noticed Erolcha
  9663 | D:9      | Reached skill level 10 in Shapeshifting
  9709 | D:9      | Killed Erolcha
  9900 | D:10     | Found a staircase to the Orcish Mines.
 10418 | D:10     | Noticed a two-headed ogre
 10425 | D:10     | Killed a two-headed ogre
 11016 | Orc:1    | Entered Level 1 of the Orcish Mines
 11646 | D:11     | Found a staircase to the Lair.
 11647 | D:11     | Noticed a two-headed ogre
 11656 | D:11     | Killed a two-headed ogre
 11889 | D:11     | Noticed Fannar
 11910 | D:11     | Killed Fannar
 12042 | D:11     | Noticed a two-headed ogre
 12055 | D:11     | Killed a two-headed ogre
 12056 | D:11     | Reached skill level 5 in Shields
 12150 | D:11     | Reached XP level 12. HP: 66/105 MP: 12/12
 12407 | D:11     | Identified the ring of Fostrud {Wiz rPois Int+2}
 12410 | D:11     | Identified the +3 scale mail of Pride {-Tele Str+3 Int+3
                  | Dex+5}
 12492 | D:11     | Noticed a centaur warrior
 12502 | D:11     | Killed a centaur warrior
 12784 | Lair:1   | Entered Level 1 of the Lair of Beasts
 12920 | Lair:1   | Reached skill level 11 in Shapeshifting
 12927 | Lair:1   | Reached skill level 10 in Fighting
 13034 | Lair:1   | Noticed a death yak
 13070 | Lair:1   | Killed a death yak
 13850 | Lair:1   | Noticed a death yak
 13851 | Lair:1   | Noticed a death yak
 13851 | Lair:1   | Noticed a death yak
 13899 | Lair:1   | Noticed a death yak
 13909 | D:11     | Killed a death yak
 13910 | D:11     | Reached skill level 10 in Unarmed Combat
 14165 | D:11     | Killed a death yak
 14169 | D:11     | Killed a death yak
 14184 | Lair:1   | Killed a death yak
 14817 | Lair:2   | Noticed a death yak
 14817 | Lair:2   | Noticed a death yak
 14817 | Lair:2   | Noticed a death yak
 14831 | Lair:1   | Killed a death yak
 15350 | Lair:2   | Reached XP level 13. HP: 106/116 MP: 13/13
 15393 | Lair:2   | Found a staircase to the Snake Pit.
 15575 | Lair:2   | Reached skill level 10 in Dodging
 15592 | Lair:2   | Reached skill level 12 in Shapeshifting
 15845 | Lair:2   | Found a staircase to the Shoals.
 17277 | Lair:3   | Found a snail-covered altar of Cheibriados.
 18147 | Lair:4   | Found a staircase to the Slime Pits.
 19209 | Lair:4   | Found the +10 dark maul {heavy}
 19461 | Orc:1    | Noticed an orc warlord
 19842 | D:9      | Killed an orc warlord
 19843 | D:9      | Reached skill level 13 in Shapeshifting
 20095 | Orc:1    | Found Wistruog's Self-Improvement Boutique.
 20103 | Orc:1    | Bought a manual of Shapeshifting for 1120 gold pieces
 20172 | Orc:2    | Entered Level 2 of the Orcish Mines
 20635 | Orc:1    | Noticed Nergalle
 21055 | Orc:2    | Reached XP level 14. HP: 89/126 MP: 14/14
 21126 | Orc:2    | Found Qawnehuh's Book Emporium.
 21167 | Orc:2    | Found Qoir's Armour Shoppe.
 21668 | Orc:2    | Reached skill level 14 in Shapeshifting
 21754 | Orc:2    | Gained mutation: Your spells are a little easier to cast,
                  | but a little less powerful. [a neqoxec]
 22029 | Orc:2    | Found a staircase to the Elven Halls.
 22150 | Orc:2    | Noticed an orc warlord
 22805 | Orc:2    | Killed an orc warlord
 23181 | Orc:2    | Found Towy's Antique Armour Boutique.
 24195 | Orc:2    | Found Badol's Jewellery Shop.
 24595 | Orc:2    | Bought a +0 pair of boots of flying for 149 gold pieces
 24595 | Orc:2    | Bought a +0 tower shield for 58 gold pieces
 24663 | Orc:1    | Bought a manual of Shields for 1120 gold pieces
 25173 | D:11     | Bought a scroll labelled GOYFIA ZIPRON for 24 gold pieces
 25173 | D:11     | Bought a scroll of identify for 48 gold pieces
 25591 | D:12     | Reached skill level 15 in Shapeshifting
 25830 | D:12     | Noticed Rupert
 26363 | Shoals:1 | Entered Level 1 of the Shoals
 27052 | Orc:2    | Bought a pair of embroidered boots for 255 gold pieces
 27052 | Orc:2    | Bought a runed hat for 238 gold pieces
 27227 | Snake:1  | Entered Level 1 of the Snake Pit
 27692 | Snake:1  | Noticed Donald
 27708 | Snake:1  | HP: 6/129 [Donald/+1 broad axe of flaming (41)]
 27708 | Snake:1  | Slain by Donald

Illustrated notes

Levels and vault maps discovered:
D:1:      shiori_shiawase, layout_basic, serial_corexii_hall,
          corexii_hall_statues_t, chequers_hall_statues_y,
          corexii_hall_statues_l, corexii_hall_statues_u,
          corexii_hall_statues_t, corexii_hall_statues_i, serial_bayou_crossing
D:2:      layout_basic, basic_altar, uniq_terence
D:3:      layout_basic, uniq_grinder
D:4:      dreamdust_elfheim, layout_basic,
          mainiacjoe_ossuary_entry_find_the_door, uniq_robin
D:5:      layout_basic, mainiacjoe_overflow_surrounded_room,
          minmay_temple_entry_ruins, uniq_pikel, uniq_crazy_yiuf_cottage
D:6:      layout_rooms
D:7:      layout_loops_ring, grunt_temple_overflow_diamond, lightli_orcish_oven,
          uniq_duvessa
D:8:      layout_cave_pools, kennysheep_mini_moat,
          nicolae_overflow_hidden_temple, mainiacjoe_overflow_small_starburst,
          uniq_erica, uniq_psyche
D:9:      layout_basic, mainiacjoe_overflow_divided_tiny, special_room
          [special_room_orc], dreamdust_princess_corridor,
          chequers_serial_rivers_small_3, onia_ninara_dug_in_and_dangerous
D:10:     layout_stronghold, orc_0_dummy, uniq_erolcha, uniq_josephine
D:11:     layout_loops_cross, due_lair_maze_entry_diamond, special_room
          [special_room_orc], minmay_diamond_spiral, uniq_fannar
D:12:     layout_basic, moated_statue, uniq_jorgrun, uniq_rupert
Temple:   chequers_temple_sunken
Lair:1:   layout_long_grid, infiniplex_staircase_pool
Lair:2:   layout_regular_city, nicolae_shoals_entry_flooding,
          guppyfry_snake_entry_island
Lair:3:   layout_hall_layers, basic_altar, lemuel_fruit_tree
Lair:4:   layout_roguey, nicolae_slime_entry_slimehenge, bobbens_ice_dragon_lair
Shoals:1: layout_shoals, gammafunk_ghost_cemetery
Snake:1:  layout_onion, basic_altar, uniq_donald
Orc:1:    layout_caves, basic_altar, nicolae_orc_rockfall,
          nicolae_shop_self_help, uniq_nergalle
Orc:2:    pubby_orc_utopia

Skill      XL: |  1  2  3  4  5  6  7  8  9 10 11 12 13 14 |
---------------+-------------------------------------------+-----
Dodging        | 2 3 4 5 6 7 8 9 10 11 | 11.5
Fighting       | 2 3 4 5 6 8 9 11 12 13 | 13.1
Unarmed Combat | 4 5 6 8 9 10 11 12 | 12.3
Shapeshifting  | 4 5 6 8 9 10 11 13 15 | 15.7
Shields        | 1 3 5 6 7 |  7.3

Action                     |  1- 3 |  4- 6 |  7- 9 | 10-12 | 13-15 || total
---------------------------+-------+-------+-------+-------+-------++-------
  Melee: Unarmed           |    74 |    51 |   433 |   782 |  1060 ||  2400
         Tailslap          |     8 |     9 |    67 |   131 |   204 ||   419
         Punch             |     3 |     1 |     9 |       |     9 ||    22
         Maw               |       |       |       |   205 |   363 ||   568
         Bite              |       |       |       |       |     9 ||     9
 Invoke: Potion Petition   |       |       |     1 |     1 |     1 ||     3
         Call Merchant     |       |       |       |       |     2 ||     2
  Evoke: Wand              |       |     8 |    17 |    23 |    26 ||    74
    Use: Scroll            |     4 |       |     4 |     8 |    13 ||    29
         Potion            |       |       |     6 |     4 |     5 ||    15
   Stab: Invisible         |       |     3 |     1 |     3 |     1 ||     8
         Sleeping          |       |       |     1 |       |     1 ||     2
         Distracted        |       |       |     1 |     6 |     6 ||    13
 Armour: Skin              |    28 |    17 |   216 |   396 |   611 ||  1268
  Dodge: Dodged            |    41 |    25 |   233 |   480 |   568 ||  1347
  Block: Buckler           |       |       |    45 |   298 |   311 ||   654
         Tower shield      |       |       |       |       |    76 ||    76
   Form: Maw               |       |       |       |     1 |     4 ||     5
         Dragon            |       |       |       |       |     3 ||     3
         Death             |       |       |       |       |     1 ||     1

Table legend: (Time is in decaauts)
 A = Elapsed time spent in this place.
 B = Non-inter-level travel time spent in this place.
 C = Inter-level travel time spent in this place.
 D = Time resting spent in this place.
 E = Time spent auto-exploring this place.
 F = Levels seen in this place.
 G = Mean time per level.
                   A        B        C        D        E       F      G
               +--------+--------+--------+--------+--------+-----+--------+
         Total |  27485 |  25106 |   2379 |   6885 |  12567 |  22 | 1249.3 |
       Dungeon |  14742 |  13743 |    999 |   2844 |   8115 |  12 | 1228.5 |
        Temple |     32 |     25 |      7 |      0 |      0 |   1 |   32.0 |
          Lair |   6649 |   6255 |    394 |   1888 |   3174 |   4 | 1662.2 |
        Shoals |    225 |    225 |      0 |      0 |    140 |   1 |  225.0 |
     Snake Pit |    482 |    460 |     22 |    321 |     59 |   1 |  482.0 |
  Orcish Mines |   5116 |   4161 |    955 |   1832 |   1075 |   2 | 2558.0 |
       Ossuary |    237 |    237 |      0 |      0 |      4 |   1 |  237.0 |
               +--------+--------+--------+--------+--------+-----+--------+

Top non-repeatable levels by time:
   Orc:2: 4683 daAuts
     D:9: 2475 daAuts
    D:10: 2374 daAuts
  Lair:1: 1974 daAuts
  Lair:3: 1870 daAuts
    D:11: 1870 daAuts
  Lair:2: 1718 daAuts
     D:4: 1332 daAuts
     D:7: 1097 daAuts
  Lair:4: 1085 daAuts
    D:12: 1049 daAuts
     D:1: 871 daAuts
     D:5: 827 daAuts
     D:8: 804 daAuts
     D:2: 786 daAuts
